 Dungeon Crawl Stone Soup version 0.18-a0-824-g47fe746 (webtiles) character file.

4882 patman the Cruncher (level 10, -8/46 HPs)
             Began as a Vine Stalker Gladiator on Dec 17, 2015.
             Was a High Priest of Trog.
             Mangled by a manticore (9 damage)
             ... on level 11 of the Dungeon.
             The game lasted 00:24:49 (3684 turns).

patman the Cruncher (Vine Stalker Gladiator)        Turns: 3684, Time: 00:24:49

Health: -8/46      AC: 11    Str: 18    XL:     10   Next: 50%
Magic:  0/11       EV: 17    Int:  8    God:    Trog [*****.]
Gold:   175        SH:  4    Dex: 18    Spells: 0 memorised, 9 levels left

rFire  . . .     SeeInvis .     a - +1 quarterstaff
rCold  . . .     Gourm    .     f - +0 leather armour
rNeg   . . .     Faith    .     (shield currently unavailable)
rPois  .         Spirit   +     c - +0 helmet
rElec  .         Dismiss  .     j - +0 cloak
rCorr  .         Reflect  +     w - +1 pair of gloves
SustAt .         Harm     .     (no boots)
MR     +....                    r - +4 amulet of reflection
Stlth  ..........               C - ring of loudness (curse)
                                g - +4 ring of protection

@: somewhat resistant to hostile enchantments, extremely unstealthy
A: fangs 3, regeneration 2, magic shield, antimagic bite, no device heal 3, rot
immunity
a: Berserk, Trog's Hand, Brothers in Arms, Burn Spellbooks, Renounce Religion


You were on level 11 of the Dungeon.
You worshipped Trog.
Trog was extremely pleased with you.
You were hungry.

You visited 2 branches of the dungeon, and saw 14 of its levels.

You collected 331 gold pieces.
You spent 156 gold pieces at shops.

Inventory:

Hand Weapons
 a - a +1 quarterstaff (weapon)
 m - a +0 blowgun
Missiles
 d - 3 throwing nets (quivered)
 e - 27 tomahawks
 n - 7 poisoned needles
Armour
 c - a +0 helmet (worn)
 f - a +0 leather armour (worn)
 j - a +0 cloak (worn)
 v - a +0 plate armour
 w - a +1 pair of gloves (worn)
 x - an ice dragon hide
Jewellery
 g - a +4 ring of protection (left hand)
 r - a +4 amulet of reflection (around neck)
 u - an uncursed ring of protection from fire
 C - a cursed ring of loudness (right hand)
Scrolls
 y - a scroll of blinking
 A - a scroll of magic mapping
Potions
 h - a potion of agility {unknown}
 l - 2 potions of degeneration {unknown}
 o - 2 potions of magic
 p - 3 potions of curing {unknown}
 s - a potion of cancellation {unknown}
Books
 t - a book of Maledictions

   Spells                             Type                      Level
   a - Corona                         Hexes                        1
   b - Ensorcelled Hibernation        Hexes/Ice                    2
   c - Confuse                        Hexes                        3
   d - Tukima's Dance                 Hexes                        3
   e - Dazzling Spray                 Conjuration/Hexes            3
   Trog disapproves of the use of such an item.
Comestibles
 b - 2 bread rations
 i - 5 fruits
 k - a meat ration
 q - a beef jerky
 z - 4 chunks of flesh


   Skills:
 - Level 1.7 Fighting
 - Level 11.9 Staves
 - Level 1.7 Throwing
 * Level 7.2 Dodging


You had 9 spell levels left.
You didn't know any spells.

Dungeon Overview and Level Annotations

Branches:
Dungeon (12/15)            Temple (0/1) D:4             Orc (2/2) D:9
    Elf (0/3) Orc:2
   Lair: D:8-11

Altars:
Elyvilon
Gozag
Pakellas
Sif Muna
Trog

Shops:
D:8 ?

Annotations:
D:3 Sigmund; Terence; patman's ghost, amateur KoGl
D:4 Raultor's ghost, amateur DsGl
D:7 confidenceinterval's ghost, novice FoFi
D:12 WhatIsLove's ghost, journeyman DsGl


Innate Abilities, Weirdness & Mutations

You have razor-sharp teeth.
You heal very quickly.
When hurt, damage is shared between your health and your magic reserves.
Your bite disrupts and absorbs the magic of your enemies.
Potions and wands cannot restore your health.
You are immune to rotting.


Message History

You hit the manticore. Your bite misses the manticore.
The manticore is almost dead.
You hit the manticore.
You bite the manticore, but do no damage.
The manticore is almost dead.
The manticore bites you!!
* * * LOW HITPOINT WARNING * * *
The manticore claws you but does no damage.
The manticore claws you.
* * * LOW HITPOINT WARNING * * *
Drink which item? (? for menu, Esc to quit)
Okay, then.
Unknown command.
You are too injured to fight recklessly!
You completely miss the manticore. You bite the manticore. You drain its power.
You feel invigorated.
The manticore is almost dead.
You are feeling hungry.
The manticore misses you. The manticore claws you!
You die...

.# .# #.##C ....
H.. ..# ..# ##.#
## #H###.#
##@#.# #...#
#.#.# #.#.## #
.#.###(...##.#
.............#
#########...####
#..........##
#.########.#


You could see a manticore.

Vanquished Creatures
  Pikel (D:6)
  2 centaur skeletons
  A hippogriff (D:8)
  A wraith (D:11)
  A warg (Orc:1)
  Menkaure (D:7)
  A necrophage (D:6)
  3 slaves (D:6)
  5 orc warriors
  An ogre (D:7)
  A big kobold (D:7)
  6 centaurs
  4 giant frogs
  Blork the orc (D:5)
  A gnoll sergeant (D:6)
  A scorpion (D:6)
  2 crimson imps
  A quasit (D:11)
  3 centaur zombies
  6 hounds
  10 orc priests
  A jelly (D:6)
  An iguana (D:6)
  10 orc wizards
  2 worker ants
  A hound skeleton (D:6)
  10 gnolls
  4 adders
  A shadow imp (D:11)
  2 adder skeletons (D:6)
  4 worms
  43 orcs
  3 bats
  4 goblins
  2 hobgoblins
  5 kobolds
  A quokka (D:6)
  A ball python (D:1)
  2 giant cockroaches
  6 giant geckos
  3 giant newts
  11 jackals
  A quokka skeleton (D:6)
  6 rats
177 creatures vanquished.

Vanquished Creatures (others)
  Maurice (D:9)
1 creature vanquished.

Grand Total: 178 creatures vanquished

Notes
Turn   | Place    | Note
--------------------------------------------------------------
     0 | D:1      | patman the Vine Stalker Gladiator began the quest for the Orb.
     0 | D:1      | Reached XP level 1. HP: 11/11 MP: 2/2
    20 | D:1      | Reached skill level 3 in Staves
    48 | D:2      | Reached XP level 2. HP: 15/15 MP: 3/3
   213 | D:3      | Noticed a moth of wrath
   217 | D:3      | Found a bloodstained altar of Trog.
   221 | D:3      | Noticed patman's ghost (amateur KoGl)
   580 | D:3      | Reached XP level 3. HP: 16/18 MP: 4/4
   594 | D:3      | Became a worshipper of Trog the Wrathful
   662 | D:3      | Found a deep blue altar of Sif Muna.
   727 | D:4      | Reached skill level 4 in Staves
   728 | D:4      | Reached XP level 4. HP: 19/23 MP: 3/5
   744 | D:4      | Noticed Raultor's ghost (amateur DsGl)
   892 | D:3      | Noticed Sigmund
   938 | D:3      | Noticed Terence
  1052 | D:4      | Reached skill level 5 in Staves
  1052 | D:4      | Reached XP level 5. HP: 22/26 MP: 6/6
  1084 | D:5      | Entered Level 5 of the Dungeon
  1089 | D:5      | Noticed Blork the orc
  1127 | D:4      | Found a staircase to the Ecumenical Temple.
  1265 | D:5      | Reached * piety under Trog
  1265 | D:5      | Reached skill level 6 in Staves
  1265 | D:5      | Gained mutation: You heal very quickly. [Vine Stalker growth]
  1265 | D:5      | Reached XP level 6. HP: 28/30 MP: 7/7
  1392 | D:5      | Found a white marble altar of Elyvilon.
  1456 | D:5      | Killed Blork the orc
  1575 | D:7      | Noticed Menkaure
  1640 | D:6      | Reached skill level 7 in Staves
  1640 | D:6      | Reached XP level 7. HP: 11/34 MP: 4/8
  1879 | D:6      | Reached ** piety under Trog
  1888 | D:6      | Reached skill level 8 in Staves
  1985 | D:7      | Gained mutation: You have razor-sharp teeth. [Vine Stalker growth]
  1985 | D:7      | Reached XP level 8. HP: 38/38 MP: 9/9
  2081 | D:7      | Reached skill level 9 in Staves
  2097 | D:7      | Found an opulent altar of Gozag.
  2155 | D:7      | Noticed confidenceinterval's ghost (novice FoFi)
  2306 | D:6      | Noticed a centaur skeleton
  2319 | D:6      | Killed a centaur skeleton
  2319 | D:6      | Reached skill level 10 in Staves
  2325 | D:6      | Noticed Pikel
  2347 | D:6      | Killed Pikel
  2347 | D:6      | Reached skill level 11 in Staves
  2347 | D:6      | Reached XP level 9. HP: 27/42 MP: 4/10
  2405 | D:7      | Killed Menkaure
  2412 | D:7      | Reached *** piety under Trog
  2483 | D:7      | Found an oddly glowing altar of Pakellas.
  2557 | D:8      | Found Poajamolaf's Magic Scroll Emporium.
  2570 | D:8      | Bought a scroll of blinking for 90 gold pieces
  2570 | D:8      | Bought a scroll of identify for 24 gold pieces
  2868 | D:8      | Bought a scroll of magic mapping for 42 gold pieces
  2915 | D:9      | Found a staircase to the Orcish Mines.
  2943 | Orc:1    | Entered Level 1 of the Orcish Mines
  2957 | Orc:1    | Reached **** piety under Trog
  3053 | Orc:1    | Reached XP level 10. HP: 21/46 MP: 9/11
  3105 | Orc:1    | Reached skill level 5 in Dodging
  3200 | Orc:2    | Entered Level 2 of the Orcish Mines
  3200 | Orc:2    | Found a staircase to the Elven Halls.
  3200 | Orc:2    | Noticed an orc knight
  3273 | D:9      | Noticed Maurice
  3299 | D:9      | Killed Maurice
  3343 | D:10     | Entered Level 10 of the Dungeon
  3418 | D:12     | Noticed WhatIsLove's ghost (journeyman DsGl)
  3430 | D:11     | Noticed a white ugly thing
  3609 | D:11     | Reached ***** piety under Trog
  3668 | D:11     | Noticed a manticore
  3668 | D:11     | Noticed a cyclops
  3683 | D:11     | HP: 1/46 [manticore (2)]
  3684 | D:11     | Mangled by a manticore

Vault maps used:
D:1:      dpeg_arrival_houses_and_road
D:3:      tgw_trog, led_sif_pool, uniq_grinder, uniq_terence, uniq_sigmund
D:4:      temple_fountains
D:5:      basic_altar, first_bread, minmay_crystal_water,
          hangedman_abyss_or_decor_passed, uniq_blork_the_orc
D:6:      uniq_pikel
D:7:      overflow_temple_1_default, johnstein_pakellas_dig, uniq_menkaure
D:8:      david_lair_generic, serial_shops, shop_scrolls,
          nicolae_shop_behind_doors, nicolae_shop_window_shopping
D:9:      hiddenorc1_lemuel, minmay_holes, uniq_maurice
D:10:     hangedman_ranch
D:11:     minmay_unpleasant_kobolds, uniq_erica, uniq_josephine, uniq_sonja
D:12:     serial_glass, glass_columns_c, glass_columns_a, feat_on_display
Orc:1:    portal_ice_cave_entry_imps, uniq_nergalle, uniq_urug
Orc:2:    st_orc_elflike, serial_shops, shop, nicolae_orc_crystal_geode

Action                   |  1- 3 |  4- 6 |  7- 9 | 10-12 || total
-------------------------+-------+-------+-------+-------++-------
Melee: Quarterstaff      |    75 |   133 |   330 |   136 ||   674
Invok: Berserk           |       |     1 |     3 |       ||     4
  Use: Scroll            |       |     1 |     7 |     4 ||    12
 Stab: Sleeping          |       |       |     2 |       ||     2
  Eat: Chunk             |       |     4 |     6 |     1 ||    11
       Pizza             |       |       |     1 |       ||     1
       Beef jerky        |       |       |     1 |       ||     1
